cohdb
Replays
Latest Replays
All Replays
Popular Replays
Top Player Replays
Match Explorer
How It Works
Community
CoH3 Stats
Reddit
Sign in to upload your games and track your stats! →
Sign in with Steam
Match 42157622
Unlisted
Match 42157622
Overview
Messages
Build Orders
End
Panzergrenadier Squad
Kradschützen Motorcycle Team
Panzergrenadier Squad
Panzergrenadier Squad
Construct Light Support Kompanie
Fire Support Elements
MG34 Team
2.5-tonne Medical Truck
Pak 38 Mechanized Group
Forward Retreat Point
Veteran Squad Leaders
2.5-tonne Medical Truck
Construct Panzerarmee Kommand
Selects Panzerjäger Kommand Battlegroup
Selects Tank Busters
Selects Crew Shock Tactics
Selects Anti-tank Overwatch
Selects Mine Fields
Rapid Advance
Armored Reserves
Tungsten Core Ammunition
Selects Defensive Positions
Selects Butterfly Bomb Drop
Anti-tank Overwatch
Tiger Heavy Tank
Advanced Optics
Advanced Field Repairs
Emergency Repair Kits
Walking Stuka Rocket Launcher
Walking Stuka Rocket Launcher
MuniekPL
Papa Shango
Husar
Spoks [ANVIL]
Kpoji4er
ZER0
0
0
Comments
sign in to comment!
No comments posted yet!